 Dungeon Crawl Stone Soup version 0.19.1 (webtiles) character file.

4788 Jerry the Carver (level 10, 0/77 HPs)
             Began as a Minotaur Monk on Dec 22, 2016.
             Was an Elder of Okawaru.
             Slain by an ettin
             ... wielding a +0 dire flail
              (32 damage)
             ... on level 9 of the Dungeon.
             The game lasted 00:30:38 (8654 turns).

Jerry the Carver (Minotaur Monk)                    Turns: 8654, Time: 00:30:39

Health: 0/77       AC: 12    Str: 17    XL:     10   Next: 24%
Magic:  11/13      EV: 20    Int:  7    God:    Okawaru [****..]
Gold:   425        SH:  0    Dex: 18    Spells: 0 memorised, 9 levels left

rFire  . . .     SeeInvis .     E - +1 long sword
rCold  . . .     Gourm    .     F - +2 ring mail of the Accordion {Dex+3}
rNeg   . . .     Faith    .     (no shield)
rPois  .         Spirit   .     w - +0 hat
rElec  .         Reflect  .     (no cloak)
rCorr  .         Harm     .     H - +0 pair of gloves
MR     .....                    (no boots)
Stlth  +++.......               (no amulet)
                                (no ring)
                                (no ring)

@: about to teleport, heroism
A: retaliatory headbutt, horns 2
a: Heroism, Renounce Religion


You were on level 9 of the Dungeon.
You worshipped Okawaru.
Okawaru was greatly pleased with you.
You were not hungry.

You visited 2 branches of the dungeon, and saw 10 of its levels.
You also visited: Sewer.

You collected 425 gold pieces.

Inventory:

Hand Weapons
 E - a +1 long sword (weapon)
Armour
 j - the cursed +1 robe "Cuxtil" {rPois rF+ Str-5, unknown}
   (You found it on level 8 of the Dungeon)

   It affects your strength (-5).
   It protects you from fire.
   It protects you from poison.
   It has a curse placed upon it.
 w - a +0 hat (worn)
 F - the +2 ring mail of the Accordion (worn) {Dex+3}
   (You found it in a sewer)

   It affects your dexterity (+3).
 H - a +0 pair of gloves (worn)
Wands
 e - a wand of flame (27/48)
 m - a wand of paralysis (15/24)
 y - a wand of flame (29/48)
 B - a wand of acid (1/15)
 I - a wand of slowing (22/48)
Scrolls
 d - 2 scrolls of identify
 f - 2 scrolls of immolation
 k - 4 scrolls of amnesia
 l - 3 scrolls of enchant armour {unknown}
 o - a scroll of magic mapping
 p - 2 scrolls of teleportation
 u - 3 scrolls of remove curse
 v - 3 scrolls of recharging
Potions
 b - 2 potions of cure mutation
 g - a potion of haste
 h - 3 potions of curing
 i - 2 potions of invisibility {unknown}
 q - 3 potions of degeneration {unknown}
 r - 2 potions of flight
 t - 2 potions of might {unknown}
 z - 2 potions of cancellation {unknown}
 C - a potion of agility {unknown}
Books
 a - a book of Misfortune

   Spells                             Type                      Level
   a - Confusing Touch                Hexes                        1
   b - Confuse                        Hexes                        3
   c - Gell's Gravitas                Hexes/Translocation          3
   d - Petrify                        Transmutation/Earth          4
   e - Metabolic Englaciation         Hexes/Ice                    5
   f - Yara's Violent Unravelling     Hexes/Transmutation          5
 s - a book of Cantrips

   Spells                             Type                      Level
   a - Confusing Touch                Hexes                        1
   b - Animate Skeleton               Necromancy                   1
   c - Summon Small Mammal            Summoning                    1
   d - Apportation                    Translocation                1
 A - a book of Ice

   Spells                             Type                      Level
   a - Ice Form                       Ice/Transmutation            4
   b - Metabolic Englaciation         Hexes/Ice                    5
   c - Ozocubu's Refrigeration        Ice                          6
   d - Bolt of Cold                   Conjuration/Ice              6
   e - Freezing Cloud                 Conjuration/Ice/Air          6
   f - Simulacrum                     Ice/Necromancy               6
 J - a book of the Sky

   Spells                             Type                      Level
   a - Summon Lightning Spire         Summoning/Air                4
   b - Airstrike                      Air                          4
   c - Silence                        Hexes/Air                    5
   d - Deflect Missiles               Charms/Air                   6
   e - Conjure Ball Lightning         Conjuration/Air              6
   f - Tornado                        Air                          9
Comestibles
 c - 3 bread rations
 n - 2 beef jerkies
 x - 27 fruits
 D - 3 meat rations
 G - a slice of pizza


   Skills:
 - Level 3.6(8.6) Fighting
 + Level 10.9(15.9) Long Blades
 + Level 10.3(15.3) Armour
 + Level 7.4(12.4) Dodging
 - Level 1.5(6.5) Stealth
 - Level 6.0 Invocations


You had 9 spell levels left.
You didn't know any spells.

Dungeon Overview and Level Annotations

Branches:
Dungeon (9/15)             Temple (1/1) D:5
   Lair: D:8-11         Orc: D:9-12

Altars:
Ashenzari
Cheibriados
Dithmenos
Elyvilon
Fedhas
Gozag
Hepliaklqana
Kikubaaqudgha
Makhleb
Nemelex Xobeh
Okawaru
Qazlal
Ru
Sif Muna
Trog
Uskayaw
Vehumet
Xom
Yredelemnul
Zin
The Shining One


Innate Abilities, Weirdness & Mutations

You reflexively headbutt those who attack you in melee.
You have a pair of horns on your head.


Message History

Things that are here:
+0 steam dragon scales; a steam dragon corpse You butcher the steam dragon corpse.
A fire dragon comes into view.
Things that are here:
+0 steam dragon scales; 6 chunks of flesh You gain the combat prowess of a mighty hero.
The ettin closely misses you. The ettin hits you with a dire flail!!
As you read the scroll of teleportation, it crumbles to dust.
You feel strangely unstable. The ettin completely misses you.
You riposte.
You hit the ettin.
The ettin is lightly wounded.
The ettin misses you.
Things that are here:
a lamp of fire; a crooked smoking staff You hit the ettin.
You headbutt the ettin, but do no damage.
The ettin is lightly wounded.
The ettin hits you with a dire flail!!
You die...

.. .# #. .# .. .###C
... #####.##### .
#@.##z##.:# ..
#.C#...#..# ..
###[.#..###..#.. #
###..###..##...#.#.
.D..## ##.......#..
#.###..###..##...#.#.
##..#..###..#...#
#...#..#.#.....
##.##.}##......


You could see an ettin.

Vanquished Creatures
  A troll (D:9)
  A hornet (D:8)
  Prince Ribbit (D:8)
  A dream sheep (shapeshifter) (D:9)
  A hungry ghost (D:7)
  Eustachio (D:5)
  A steam dragon (D:9)
  6 phantoms
  2 sky beasts
  A hornet zombie (D:5)
  4 ice beasts
  A necrophage (D:8)
  A centaur (D:7)
  2 bullfrogs (Sewer)
  3 big kobolds
  A scorpion (D:7)
  4 wights (D:8)
  4 killer bees (D:7)
  5 howler monkeys
  4 crimson imps
  A jelly (D:8)
  A bullfrog skeleton (D:8)
  8 hounds
  2 orc priests
  2 orc wizards
  5 iguanas
  10 worker ants
  Ijyb (D:2)
  A killer bee zombie (D:5)
  4 hound skeletons
  A hound zombie (D:5)
  12 gnolls
  11 adders
  A shadow imp (D:6)
  An ooze (D:3)
  5 adder skeletons
  An adder zombie (D:6)
  2 worms
  8 leopard geckos
  14 orcs
  6 ball pythons
  6 bats
  11 giant cockroaches
  9 goblins
  5 hobgoblins
  9 jackals
  18 kobolds
  3 quokkas
  11 frilled lizards
  2 jackal skeletons
  A quokka zombie (D:8)
  14 rats
231 creatures vanquished.

Notes
Turn   | Place    | Note
-------+----------+-------------------------------------------
     0 | D:1      | Jerry the Minotaur Monk began the quest for the Orb.
     0 | D:1      | Reached XP level 1. HP: 19/19 MP: 0/0
    74 | D:1      | Reached XP level 2. HP: 18/26 MP: 1/1
   131 | D:1      | Reached skill level 1 in Armour
   447 | D:2      | Reached XP level 3. HP: 26/31 MP: 2/2
   479 | D:2      | Noticed Ijyb
   494 | D:2      | Killed Ijyb
   581 | D:2      | Reached XP level 4. HP: 39/39 MP: 3/3
   858 | D:2      | Reached skill level 5 in Long Blades
  1193 | D:2      | Reached XP level 5. HP: 22/45 MP: 4/4
  2052 | D:4      | Reached XP level 6. HP: 51/51 MP: 5/5
  2182 | D:4      | Reached skill level 5 in Dodging
  2291 | D:4      | Found an ancient bone altar of Kikubaaqudgha.
  2293 | D:4      | Found a sacrificial altar of Ru.
  2294 | D:4      | Found a shadowy altar of Dithmenos.
  2889 | D:5      | Entered Level 5 of the Dungeon
  2981 | D:5      | Reached skill level 5 in Armour
  2981 | D:5      | Reached XP level 7. HP: 18/57 MP: 6/6
  2997 | D:5      | Found a glowing drain.
  3024 | Sewer    | Entered a sewer
  3361 | Sewer    | HP: 2/57 [bullfrog (2)]
  3379 | Sewer    | Got a scorched ring mail
  3390 | Sewer    | Identified the +2 ring mail of the Accordion {Dex+3} (You found it in a sewer)
  3607 | D:5      | Noticed Eustachio
  3636 | D:5      | Killed Eustachio
  3722 | D:5      | Reached XP level 8. HP: 39/64 MP: 7/7
  3857 | D:5      | Found a staircase to the Ecumenical Temple.
  3862 | Temple   | Entered the Ecumenical Temple
  3979 | Temple   | Became a worshipper of Warmaster Okawaru
  3979 | Temple   | Reached * piety under Okawaru
  3979 | Temple   | Reached ** piety under Okawaru
  4475 | D:6      | Found a glowing golden altar of the Shining One.
  4514 | D:6      | Reached skill level 1 in Invocations
  5759 | D:7      | Found a radiant altar of Vehumet.
  5759 | D:7      | Found a glowing silver altar of Zin.
  5776 | D:7      | Reached XP level 9. HP: 63/70 MP: 10/10
  5854 | D:7      | Reached *** piety under Okawaru
  6822 | D:8      | Reached skill level 5 in Invocations
  6849 | D:8      | Reached skill level 10 in Long Blades
  7086 | D:8      | Got a steaming robe
  7122 | D:8      | Paralysed by a hornet for 3 turns
  7625 | D:8      | Reached **** piety under Okawaru
  7948 | D:8      | Noticed Prince Ribbit
  7970 | D:8      | Killed Prince Ribbit
  7970 | D:8      | Reached skill level 10 in Armour
  8201 | D:8      | Reached XP level 10. HP: 77/77 MP: 13/13
  8288 | D:9      | Received a gift from Okawaru
  8644 | D:9      | Noticed an ettin
  8645 | D:9      | Noticed a fire dragon
  8654 | D:9      | Slain by an ettin

Skill      XL: |  1  2  3  4  5  6  7  8  9 10 |
---------------+-------------------------------+-----
Long Blades    | 4 5 6 7 9 10 | 10.9
Armour         | 1 2 3 4 5 6 8 10 | 10.3
Dodging        | 4 5 6 7 |  7.4
Invocations    | 3 6 |  6.0
Fighting       | |  3.6
Stealth        | |  1.5

Action                   |  1- 3 |  4- 6 |  7- 9 | 10-12 || total
-------------------------+-------+-------+-------+-------++-------
Melee: Falchion          |    70 |   149 |       |       ||   219
       Headbutt          |    11 |    38 |    88 |    20 ||   157
       Long sword        |       |    41 |   390 |    67 ||   498
Invok: Heroism           |       |       |       |     1 ||     1
  Use: Scroll            |       |       |    16 |     1 ||    17
       Potion            |       |       |     7 |       ||     7
 Stab: Sleeping          |       |       |     1 |     1 ||     2
  Eat: Chunk             |       |     7 |    18 |     1 ||    26
       Bread ration      |       |       |     1 |       ||     1
       Pizza             |       |       |     1 |       ||     1
Armor: Robe              |     8 |       |       |       ||     8
       Scale mail        |    20 |    56 |    23 |       ||    99
       Ring mail         |       |       |    98 |    21 ||   119
Dodge: Dodged            |    49 |   119 |   294 |    52 ||   514
       Rpst.: Falchion   |    17 |    18 |       |       ||    35
       Long sword        |       |     8 |    79 |     9 ||    96
